 Dungeon Crawl Stone Soup version 0.30.1-9-gdf580d7c3d (webtiles) character file.

Game seed: 8987198155077024860

172 FishyPogo the Changer (level 5, -7/33 HPs)
             Began as an Octopode Transmuter on Sept 25, 2023.
             Was an Initiate of Makhleb.
             Mangled by Pikel
             ... wielding a +0 whip of electrocution
              (8 damage)
             ... on level 4 of the Dungeon.
             The game lasted 00:06:13 (2371 turns).

FishyPogo the Changer (Octopode Transmuter)         Turns: 2371, Time: 00:06:15

Health: -7/33      AC:  1    Str: 10    XL:     5   Next: 52%
Magic:  8/8        EV: 13    Int: 17    God:    Makhleb [......]
Gold:   192        SH:  0    Dex: 12    Spells: 2/8 levels left

rFire   . .          .
                       - Unarmed
rCold   . . .        (no shield)
rNeg    + . .        (helmet currently unavailable)
rPois   .            q - amulet of magic regeneration
rElec   .            u - ring of positive energy
rCorr   .            (no ring)
SInv    .            (no ring)
Will    .....        (no ring)
Stlth   ++           (no ring)
HPRegen 0.25/turn    (no ring)
MPRegen 0.51/turn    (no ring)
                     (no ring)

%: no passive effects
@: appendages, wereblooded (expiring)
A: tentacle spike 3, almost no armour, amphibious, 8 rings, camouflage 1,
gelatinous body 1, (nimble swimmer 1), tentacles
a: End Transformation, Renounce Religion


You were on level 4 of the Dungeon.
You worshipped Makhleb.
Makhleb was noncommittal.
One of your tentacles had grown a beastly spike.
You visited 1 branch of the dungeon, and saw 4 of its levels.

You collected 192 gold pieces.

Inventory:

Hand Weapons
 m - a +2 vampiric whip
Missiles
 b - 39 stones
 l - 2 poisoned darts
Magical Staves
 f - a staff of conjuration
Jewellery
 p - an amulet of faith
 q - an amulet of magic regeneration (around mantle)
 u - a ring of positive energy (left tentacle)
Wands
 h - a wand of polymorph (10)
 t - a wand of flame (10)
Scrolls
 c - a scroll of enchant armour {unknown}
 g - a scroll of teleportation {unknown}
 k - a scroll of poison {unknown}
 n - 2 scrolls of identify {unknown}
 o - 2 scrolls of noise {unknown}
 r - a scroll of vulnerability {unknown}
 s - a scroll of blinking {unknown}
Potions
 a - a potion of lignification
 d - a potion of ambrosia {unknown}
 e - a potion of might {unknown}
 i - 3 potions of curing {unknown}
 j - a potion of haste {unknown}
 v - a potion of mutation {unknown}


   Skills:
 - Level 1.0 Fighting
 - Level 2.0 Dodging
 + Level 4.1 Unarmed Combat
 - Level 2.0 Spellcasting
 * Level 4.6 Transmutations
 + Level 1.1 Poison Magic


You had 2 spell levels left.
You knew the following spells:

 Your Spells              Type           Power      Damage    Failure   Level
a - Beastly Appendage     Tmut           34%        N/A       3%          1
b - Wereblood             Tmut           17%        N/A       4%          2
c - Spider Form           Tmut/Pois      11%        N/A       19%         3

Your spell library contained the following spells:

 Spells                   Type           Power      Damage    Failure   Level
 Blink                    Tloc           2%         N/A       28%         2
 Lesser Beckoning         Tloc           2%         N/A       28%         2
 Momentum Strike          Conj/Tloc      2%         3d8       28%         2
 Static Discharge         Conj/Air       2%         2-3/arc   28%         2
 Ice Form                 Ice/Tmut       9%         N/A       58%         4
 Olgreb's Toxic Radiance  Pois           5%         N/A       77%         4
 Airstrike                Air            0%         2d(1-17)  88%         4
 Summon Lightning Spire   Summ/Air       1%         N/A       88%         4
 Discord                  Hex            0%         N/A       100%        8
 Ignition                 Fire           0%         3d3       100%        8


Dungeon Overview and Level Annotations

Branches:
Dungeon (4/15)
 Temple: D:4-7

Altars:
Hepliaklqana
Makhleb
Sif Muna

Annotations:
D:4 Pikel


Innate Abilities, Weirdness & Mutations

One of your tentacles has grown a beastly spike.
You cannot wear most types of armour.
You are amphibious.
You can wear up to eight rings at the same time.
Your skin changes colour to match your surroundings (Stealth+).
Your rubbery body absorbs attacks. (AC +1, EV +1)
((You are camouflaged when in or above water. (Stealth+)))
You have tentacles for arms and can constrict up to eight enemies at once.


Message History

The lemure is almost dead.
You constrict the lemure, but do no damage.
The lemure closely misses you.
Casting: Wereblood (safe; 4% risk of failure)
Confirm with . or Enter, or press ? or * to list all spells.
One of your tentacles grows a vicious spike.
You constrict the lemure. The lemure hits you.
You tentacle-slap the lemure.
You kill the lemure!
That felt strangely unrewarding.
You closely miss Pikel. Your grab misses Pikel.
Your tentacle-slap misses Pikel.
You completely miss Pikel. You grab Pikel.
You pierce Pikel.
You squeeze Pikel.
Pikel is moderately wounded.
Your primal bloodlust is almost over.
You constrict Pikel, but do no damage. Pikel barely misses you.
A lemure comes into view.
You tentacle-slap Pikel but do no damage.
You pierce Pikel, but do no damage.
Pikel is moderately wounded.
You constrict Pikel, but do no damage. Pikel misses you.
You tentacle-slap Pikel but do no damage.
You pierce Pikel, but do no damage.
Your squeeze misses Pikel.
Pikel is moderately wounded.
You constrict Pikel. Pikel closely misses you.
You tentacle-slap Pikel.
You pierce Pikel.
Your squeeze misses Pikel.
Pikel is heavily wounded.
You constrict Pikel. Pikel barely misses you.
You tentacle-slap Pikel but do no damage.
You pierce Pikel, but do no damage.
Pikel is heavily wounded.
You constrict Pikel, but do no damage.
Pikel hits you with a +0 whip of electrocution.
You tentacle-slap Pikel. You squeeze Pikel, but do no damage.
Pikel is severely wounded.
You constrict Pikel, but do no damage.
Pikel hits you with a +0 whip of electrocution!
* * * LOW HITPOINT WARNING * * *
You are electrocuted!
You die...

# #.# #. #.#
#.#### #.#
#.##....# #.#
........######.#
#.........#
###.########
#...#########
#..5K@.......
#..##########
#(.# #5.# #....#
#5##... #. #..##
. #..# .# #..#


You could see Pikel and a lemure.

Vanquished Creatures
  2 lemures (D:4)
  Ijyb (D:2)
  An iguana (D:4)
  Robin (D:3)
  3 adders (D:2)
  An ufetubus (D:4)
  2 dart slugs
  3 bats
  4 endoplasms
  6 giant cockroaches
  20 goblins
  4 hobgoblins
  6 kobolds
  2 quokkas
  4 ball pythons
  4 frilled lizards
  9 rats
73 creatures vanquished.

Notes
Turn   | Place    | Note
-------+----------+-------------------------------------------
     0 | D:1      | FishyPogo the Octopode Transmuter began the quest for the
                  | Orb.
     0 | D:1      | Reached XP level 1. HP: 13/13 MP: 3/3
    89 | D:1      | Reached XP level 2. HP: 7/18 MP: 3/5
   230 | D:1      | Found a faded altar of an unknown god.
   337 | D:1      | Learned a level 2 spell: Wereblood
   428 | D:1      | Reached XP level 3. HP: 19/23 MP: 4/6
   762 | D:2      | Noticed Ijyb
   775 | D:2      | Killed Ijyb
   776 | D:2      | Reached XP level 4. HP: 28/28 MP: 4/7
  1604 | D:3      | Found a hazy altar of Hepliaklqana.
  1666 | D:3      | Learned a level 3 spell: Spider Form
  1788 | D:3      | Noticed Robin
  1789 | D:3      | Reached XP level 5. HP: 33/33 MP: 6/8
  1795 | D:3      | Killed Robin
  1847 | D:3      | Found a burning altar of Makhleb.
  1852 | D:3      | Became a worshipper of Makhleb the Destroyer
  2233 | D:4      | Found a shimmering blue altar of Sif Muna.
  2240 | D:4      | Reached skill level 1 in Poison Magic
  2339 | D:4      | Noticed a lemure
  2339 | D:4      | Noticed a lemure
  2357 | D:4      | Killed a lemure
  2359 | D:4      | Noticed Pikel
  2364 | D:4      | Killed a lemure
  2366 | D:4      | Noticed a lemure
  2371 | D:4      | HP: 1/33 [Pikel/+0 whip of electrocution (11)]
  2371 | D:4      | Mangled by Pikel

Illustrated notes

Levels and vault maps discovered:
D:1:      dpeg_arrival_rhombus, layout_rooms, dreamdust_ecumenical_altar_statues
D:2:      kennysheep_the_goblin_king, layout_loops_cross
D:3:      layout_loops_ring, bloody_makhleb, lemuel_doored_altar,
          roderic_serpentine_path, uniq_robin
D:4:      layout_loops_ring, mainiacjoe_overflow_small_starburst,
          nicolae_dithmenos_the_darkroom, uniq_pikel, uniq_sigmund

Skill      XL: |  1  2  3  4  5 |
---------------+----------------+-----
Transmutations | 3 4 |  4.6
Unarmed Combat | 4 |  4.1
Poison Magic   | 1 |  1.1
Fighting       | |  1.0
Dodging        | |  2.0
Spellcasting   | |  2.0

Action                     |  1- 3 |  4- 6 || total
---------------------------+-------+-------++-------
  Melee: Unarmed           |    59 |    97 ||   156
         Constrict         |    20 |    26 ||    46
         Kick              |    20 |    34 ||    54
         Tentacles         |    13 |    17 ||    30
         Punch             |     3 |     3 ||     6
  Throw: Stone             |     1 |       ||     1
         Dart              |       |     1 ||     1
   Cast: Beastly Appendage |    14 |    27 ||    41
         Wereblood         |     1 |     2 ||     3
   Stab: Sleeping          |     4 |     5 ||     9
         Distracted        |       |     1 ||     1
 Armour: Skin              |     1 |     6 ||     7
  Dodge: Dodged            |    31 |    59 ||    90
